 Dungeon Crawl Stone Soup version 0.18.1-50-g88ac8fd (webtiles) character file.

118 varam the Firebug (level 4, -9/24 HPs)
             Began as a Deep Elf Fire Elementalist on Oct 14, 2016.
             Killed by nerve-wracking pain
             ... invoked by Grinder
              (12 damage)
             ... on level 2 of the Dungeon.
             The game lasted 00:07:24 (2517 turns).

varam the Firebug (Deep Elf Fire Elementalist)      Turns: 2517, Time: 00:07:25

Health: -9/24      AC:  3    Str:  5    XL:     4   Next: 72%
Magic:  12/12      EV: 13    Int: 21    God:
Gold:   124        SH:  0    Dex: 15    Spells: 1 memorised, 10 levels left

rFire  . . .     SeeInvis .     t - +1 dagger (venom)
rCold  . . .     Gourm    .     a - +0 robe
rNeg   . . .     Faith    .     (no shield)
rPois  .         Spirit   .     (no helmet)
rElec  .         Dismiss  .     (no cloak)
rCorr  .         Reflect  .     q - +0 pair of gloves
SustAt .         Harm     .     (no boots)
MR     .....                    (no amulet)
Stlth  ++........               (no ring)
                                (no ring)

@: not resistant to hostile enchantments, unstealthy
A: no striking features
a: no special abilities


You were on level 2 of the Dungeon.
You were not hungry.

You visited 1 branch of the dungeon, and saw 3 of its levels.

You collected 124 gold pieces.

Inventory:

Hand Weapons
 d - a +0 spear
 t - a +1 dagger of venom (weapon)
Armour
 a - a +0 robe (worn)
 q - a +0 pair of gloves (worn)
Jewellery
 l - a +1 ring of evasion {unknown}
Scrolls
 e - 2 scrolls of remove curse {unknown}
 f - 2 scrolls of teleportation {unknown}
 h - 5 scrolls of identify {unknown}
 s - a scroll of noise {unknown}
 u - 3 scrolls of blinking {unknown}
 x - a scroll of magic mapping {unknown}
Potions
 g - 2 potions of flight {unknown}
 j - a potion of resistance {unknown}
 k - 2 potions of degeneration {unknown}
 m - 3 potions of heal wounds {unknown}
 o - a potion of lignification {unknown}
 r - a potion of magic {unknown}
 v - a potion of curing {unknown}
 w - a potion of mutation {unknown}
Books
 b - a book of Flames

   Spells                             Type                      Level
   a - Flame Tongue                   Conjuration/Fire             1
   b - Throw Flame                    Conjuration/Fire             2
   c - Conjure Flame                  Conjuration/Fire             3
   d - Inner Flame                    Hexes/Fire                   3
   e - Sticky Flame                   Conjuration/Fire             4
   f - Fireball                       Conjuration/Fire             5
Comestibles
 c - 4 bread rations
 i - 3 chunks of flesh
 n - 2 meat rations


   Skills:
 - Level 2.4 Dodging
 - Level 2.4 Stealth
 + Level 4.4 Spellcasting
 + Level 2.3 Conjurations
 * Level 4.8 Fire Magic


You had 10 spell levels left.
You knew the following spells:

 Your Spells              Type           Power        Failure   Level  Hunger
a - Flame Tongue          Conj/Fire      ###..        2%          1    None


Dungeon Overview and Level Annotations

Branches:
Dungeon (3/15)

Altars:
Gozag
Zin
The Shining One

Annotations:
D:2 Grinder


Message History

* * * LOW HITPOINT WARNING * * *
You see here a robe.
Grinder gestures at you.
You suddenly lose the ability to move!
Grinder gestures at you.
You shrug off the repeated paralysis!
Grinder says, "Mostly I couldn't keep them alive."
You can move again.
Unknown command.
Grinder says, "You look like you could use a good racking."
There is a stone staircase leading up here.
Grinder barely misses you.
You climb upwards.
There is a stone staircase leading down here.
Grinder says, "You look like you could use a good racking."
Grinder closely misses you. Grinder gestures at you.
Pain shoots through your body!
Ouch! That really hurt!
You die...

########## #........#
###################...>....#
................@.5........#
)#...#############.........#
......## #####........#
.......########........#####
.......##....##....###.##
.............##....# #..#
......##.....##....# #..# ##
.....###.....##....# ##.# #.
#.#### #......#....####.##
#.


You could see Grinder.

Vanquished Creatures
  Jessica (D:3)
  A gnoll (D:1)
  2 adders (D:2)
  A dart slug (D:2)
  A giant gecko (D:3)
  9 bats
  5 giant cockroaches
  8 goblins
  7 hobgoblins
  9 kobolds
  A quokka (D:2)
  A ball python (D:1)
  4 giant newts
  8 rats
58 creatures vanquished.

Notes
Turn   | Place    | Note
--------------------------------------------------------------
     0 | D:1      | varam the Deep Elf Fire Elementalist began the quest for the Orb.
     0 | D:1      | Reached XP level 1. HP: 10/10 MP: 6/6
   183 | D:1      | Reached XP level 2. HP: 8/15 MP: 1/8
   646 | D:1      | Reached XP level 3. HP: 12/19 MP: 7/10
  1491 | D:2      | Reached XP level 4. HP: 13/24 MP: 4/12
  1825 | D:2      | Found a glowing golden altar of the Shining One.
  1891 | D:2      | Found a glowing silver altar of Zin.
  1892 | D:2      | Found an opulent altar of Gozag.
  2065 | D:3      | Noticed Jessica
  2071 | D:3      | Killed Jessica
  2081 | D:3      | Noticed Grinder
  2500 | D:3      | HP: 1/24 [Grinder/nerve-wracking pain (13)]
  2502 | D:3      | Paralysed by Grinder for 5 turns
  2517 | D:2      | Killed from afar by Grinder

Skill      XL: |  1  2  3 |
---------------+----------+-----
Fire Magic     | 4 |  4.8
Conjurations   | 2 |  2.3
Spellcasting   | 4 |  4.4
Dodging        | |  2.4
Stealth        | |  2.4

Action                   |  1- 3 |  4- 6 || total
-------------------------+-------+-------++-------
Melee: Spear             |    75 |    11 ||    86
       Dagger            |       |    30 ||    30
 Cast: Flame Tongue      |    59 |    16 ||    75
 Stab: Sleeping          |     7 |     3 ||    10
  Eat: Chunk             |     2 |     2 ||     4
       Beef jerky        |       |     1 ||     1
Armor: Robe              |    17 |    11 ||    28
Dodge: Dodged            |    79 |    34 ||   113
